 Dungeon Crawl Stone Soup version 0.24-a0-201-gf205589 (webtiles) character file.

Game seed: 6046708070738181776

9879 Ijustatesigmund the Cleaver (level 11, -3/78 HPs)
             Began as an Octopode Fighter on Mar 22, 2019.
             Was a Priest of Ashenzari.
             Slain by a troll (16 damage)
             ... led by an orc warlord
             ... on level 1 of the Orcish Mines.
             The game lasted 00:25:15 (14045 turns).

Ijustatesigmund the Cleaver (Octopode Fighter)     Turns: 14045, Time: 00:25:16

Health: -3/78      AC:  1    Str: 16    XL:     11   Next: 53%
Magic:  11/11      EV: 15    Int: 13    God:    Ashenzari [***...]
Gold:   371        SH: 14    Dex: 15    Spells: 7/10 levels left

rFire    . . .     SeeInvis +   j - +2 broad axe (freeze) (curse)
rCold    . . .     Gourm    .   b - +1 shield (curse)
rNeg     . . .     Faith    .   (helmet restricted)
rPois    .         Spirit   .   y - +2 amulet of reflection (curse)
rElec    .         Reflect  +   e - ring of stealth
rCorr    .         Harm     .   w - +3 ring of intelligence
MR       .....                  (no ring)
Stlth    ++++++....             (no ring)
HPRegen  0.23/turn              (no ring)
MPRegen  0.12/turn              (no ring)
                                (no ring)
                                (no ring)

@: no status effects
A: almost no armour, stealthy swim, amphibious, 8 rings, constrict 8, camouflage
1, gelatinous body 1
a: Curse Item, Scrying, Renounce Religion


You were on level 1 of the Orcish Mines.
You worshipped Ashenzari.
Ashenzari was most pleased with you.
You were not hungry.

You visited 3 branches of the dungeon, and saw 14 of its levels.

You collected 762 gold pieces.
You spent 391 gold pieces at shops.

Inventory:

Hand Weapons
 a - a +1 war axe
 j - a cursed +2 broad axe of freezing (weapon)
 m - the +10 hunting sling "Orb Guardian's Bane" {freeze, rPois MR++ Stlth+}
   (You found it on level 8 of the Dungeon)

   It causes projectiles fired from it to freeze those they strike, causing
   extra injury to most foes and up to half again as much damage against
   particularly susceptible opponents.
   They can also slow down cold-blooded creatures.
   It protects you from poison.
   It affects your resistance to hostile enchantments.
   It makes you more stealthy.
Armour
 b - a cursed +1 shield (worn)
Jewellery
 e - a ring of stealth (left tentacle)
 w - a +3 ring of intelligence (right tentacle)
 y - a cursed +2 amulet of reflection (around mantle)
Wands
 c - a wand of flame (22)
 s - a wand of digging (1)
 u - a wand of disintegration (3)
 x - a wand of polymorph (12)
Scrolls
 f - 4 scrolls of identify
 h - a scroll of magic mapping
 i - 2 scrolls of fog
 k - 2 scrolls of teleportation
 p - 3 scrolls of fear
 t - 2 scrolls of remove curse
Potions
 g - 4 potions of lignification
 l - 6 potions of flight
 n - 2 potions of haste
 o - 3 potions of curing
 r - a potion of might
Comestibles
 d - 19 rations


   Skills:
 + Level 8.7 Fighting
 + Level 10.7(13.3) Axes
 - Level 5.6 Dodging
 - Level 7.0 Stealth
 - Level 8.0(9.9) Shields
 - Level 1.2 Conjurations
 - Level 6.0 Translocations


You had 7 spell levels left.
You knew the following spells:

 Your Spells              Type           Power        Failure   Level  Hunger
a - Magic Dart            Conj           #...         36%         1    ##.....
b - Blink                 Tloc           N/A          8%          2    ###....

Your spell library contained the following spells:

 Spells                   Type           Power        Failure   Level  Hunger
 Summon Small Mammal      Summ           #...         52%         1    ##.....
 Call Imp                 Summ           #.......     65%         2    ###....
 Slow                     Hex            #.......     65%         2    ###....
 Conjure Flame            Conj/Fire      #.......     80%         3    ####...
 Mephitic Cloud           Conj/Pois/Air  #.......     83%         3    ####...
 Call Canine Familiar     Summ           #.......     87%         3    ####...
 Summon Guardian Golem    Hex/Summ       #.......     87%         3    ####...
 Summon Ice Beast         Ice/Summ       #.......     99%         4    #####..
 Summon Lightning Spire   Summ/Air       #.......     99%         4    #####..


Dungeon Overview and Level Annotations

Branches:
Dungeon (12/15)            Temple (1/1) D:7            Lair (0/6) D:11
    Orc (1/2) D:11

Altars:
Ashenzari
Cheibriados
Dithmenos
Elyvilon
Fedhas
Gozag
Hepliaklqana
Kikubaaqudgha
Makhleb
Nemelex Xobeh
Okawaru
Qazlal
Ru
Sif Muna
Trog
Uskayaw
Vehumet
Wu Jian
Xom
Yredelemnul
Zin
The Shining One

Shops:
D:12 ?

Annotations:
Orc:1 Snorg


Innate Abilities, Weirdness & Mutations

You cannot wear most types of armour.
You are very stealthy in the water. (Stealth+)
You are amphibious.
You can wear up to eight rings at the same time.
You can use your tentacles to constrict eight enemies at once.
Your skin changes colour to match your surroundings (Stealth+).
Your rubbery body absorbs attacks. (AC +1, EV +1)


Message History

The troll bites you! The troll claws you! You block the troll's attack.
There is a staircase back to the Dungeon, spattered with blood here.
You are too injured to fight recklessly!
You are too injured to fight recklessly!
You hit the troll. You freeze the troll.
The troll is lightly wounded.
You block the troll's attack. The troll closely misses you.
You block the troll's attack.
You closely miss the troll. You squeeze the troll!
The troll is heavily wounded.
You block the troll's attack. The troll closely misses you.
The troll claws you!
You barely miss the troll. You squeeze the troll.
The troll is heavily wounded.
You block the troll's attack. x2; The troll claws you!
* * * LOW HITPOINT WARNING * * *
You hit the troll. You freeze the troll.
The troll is severely wounded.
The troll bites you!
You die...

##.....>.....##...
##........#.#####..
#..........## ##...
#...........###.##.
###...........#..####
#.......#.......## *
####.......#......###
#........###...T....#
*#.....T@..###.......#
#..........###.......#
#..........##h.....###
##.#.......#........#
####................#
##...........#..##
###.........####
#.........#
####>....##


You could see a troll.

Vanquished Creatures
  Fannar (Orc:1)
  A wizard (D:11)
  Pikel (D:4)
  An ugly thing (D:11)
  A gargoyle (D:11)
  A troll (D:11)
  Grinder (D:3)
  2 hornets (D:10)
  A hippogriff (D:5)
  5 yaks
  A hungry ghost (D:7)
  A warg (D:11)
  3 porcupines (D:10)
  2 black bears
  A slave (D:4)
  2 ice beasts (D:7)
  5 orc warriors
  2 sky beasts
  4 phantoms
  A necrophage (D:8)
  6 centaurs
  6 ogres
  3 crocodiles
  4 big kobolds
  7 bullfrogs
  3 scorpions
  3 killer bees (D:10)
  5 wights (D:7)
  3 howler monkeys
  6 crimson imps
  A jelly (D:8)
  5 orc priests
  3 hounds
  3 bullfrog skeletons
  4 orc wizards
  Natasha (thrice) (D:3)
  Ijyb (D:4)
  5 worker ants
  A hound zombie (D:4)
  A worker ant zombie (D:5)
  6 gnolls
  A howler monkey skeleton (D:3)
  8 adders
  3 shadow imps
  An ooze (D:6)
  An adder skeleton (D:7)
  4 worms
  3 dart slugs (D:2)
  2 leopard geckos
  40 orcs
  4 giant cockroaches
  8 goblins
  5 hobgoblins (D:3)
  9 jackals
  28 kobolds
  7 quokkas
  4 bats
  6 frilled lizards
  A leopard gecko skeleton (D:4)
  A quokka skeleton (D:4)
  3 rats
255 creatures vanquished.

Vanquished Creatures (others)
  A centaur (D:11)
  A leopard gecko skeleton (D:4)
  A fungus (D:11)
  A plant (D:11)
4 creatures vanquished.

Grand Total: 259 creatures vanquished

Notes
Turn   | Place    | Note
-------+----------+-------------------------------------------
     0 | D:1      | Ijustatesigmund the Octopode Fighter began the quest for
                  | the Orb.
     0 | D:1      | Reached XP level 1. HP: 16/16 MP: 1/1
   183 | D:1      | Reached XP level 2. HP: 18/21 MP: 2/2
   918 | D:2      | Reached XP level 3. HP: 26/26 MP: 3/3
  1549 | D:2      | Found a bloodstained altar of Trog.
  1550 | D:2      | Found a hide-covered altar of Uskayaw.
  1550 | D:2      | Found a sparkling altar of Nemelex Xobeh.
  1708 | D:2      | Found a hazy altar of Hepliaklqana.
  1793 | D:2      | Found a snail-covered altar of Cheibriados.
  1948 | D:3      | Reached skill level 3 in Axes
  1948 | D:3      | Reached XP level 4. HP: 31/31 MP: 4/4
  1989 | D:3      | Noticed Grinder
  1991 | D:3      | Paralysed by Grinder for 6 turns
  2008 | D:3      | Killed Grinder
  2008 | D:3      | Reached skill level 4 in Axes
  2008 | D:3      | Reached XP level 5. HP: 31/37 MP: 5/5
  2008 | D:3      | Reached XP level 6. HP: 36/43 MP: 6/6
  2285 | D:3      | Noticed Natasha
  2292 | D:3      | Killed Natasha
  2320 | D:3      | Noticed Natasha
  2325 | D:3      | Killed Natasha
  2611 | D:3      | Noticed Natasha
  2621 | D:3      | Killed Natasha
  2964 | D:3      | Reached XP level 7. HP: 11/48 MP: 7/7
  3289 | D:4      | Reached skill level 5 in Axes
  3340 | D:4      | Found a shadowy altar of Dithmenos.
  3419 | D:4      | Noticed Ijyb
  3432 | D:4      | Killed Ijyb
  3795 | D:4      | Noticed Pikel
  3804 | D:4      | Killed Pikel
  3804 | D:4      | Reached skill level 5 in Fighting
  3804 | D:4      | Reached skill level 6 in Axes
  3804 | D:4      | Reached skill level 5 in Dodging
  3804 | D:4      | Reached skill level 5 in Shields
  3804 | D:4      | Reached XP level 8. HP: 22/55 MP: 8/8
  3961 | D:4      | Found a deep blue altar of Sif Muna.
  4172 | D:4      | Learned a level 1 spell: Magic Dart
  4175 | D:4      | Learned a level 2 spell: Blink
  4213 | D:4      | You fall through a shaft for 3 floors!
  4216 | D:7      | Found a staircase to the Ecumenical Temple.
  4357 | D:7      | Reached skill level 1 in Conjurations
  4471 | Temple   | Entered the Ecumenical Temple
  4721 | D:6      | Reached skill level 1 in Translocations
  4802 | D:6      | Reached skill level 7 in Axes
  5029 | D:6      | Reached XP level 9. HP: 59/62 MP: 9/9
  5042 | D:5      | Entered Level 5 of the Dungeon
  5610 | D:5      | Found a stormy altar of Qazlal.
  5713 | D:5      | Reached skill level 1 in Stealth
  6169 | D:5      | Found a shattered altar of Ashenzari.
  6170 | D:5      | Found an iron altar of Okawaru.
  6175 | D:5      | Became a worshipper of Ashenzari the Shackled
  6892 | D:6      | Found a shadowy altar of Dithmenos.
  7088 | D:7      | Reached skill level 8 in Axes
  7324 | D:7      | Reached skill level 5 in Stealth
  7984 | D:7      | Reached XP level 10. HP: 54/68 MP: 7/10
  8347 | D:8      | Reached * piety under Ashenzari
  8639 | D:8      | Found a white marble altar of Elyvilon.
  8885 | D:8      | Reached skill level 9 in Axes
  9048 | D:8      | Found an ornate altar of the Wu Jian Council.
  9063 | D:8      | Identified the +10 hunting sling "Orb Guardian's Bane"
                  | {freeze, rPois MR++ Stlth+}
  9304 | D:9      | Found an ancient bone altar of Kikubaaqudgha.
  9397 | D:9      | Reached ** piety under Ashenzari
  9923 | D:10     | Entered Level 10 of the Dungeon
 10205 | D:10     | Paralysed by a hornet for 3 turns
 10493 | D:10     | Reached skill level 5 in Translocations
 12068 | D:11     | Reached XP level 11. HP: 14/75 MP: 6/11
 12141 | D:11     | Noticed a red ugly thing
 12356 | D:11     | Found a staircase to the Lair.
 12526 | D:11     | Killed a red ugly thing
 12785 | D:11     | Noticed a wizard
 12794 | D:11     | Killed a wizard
 12794 | D:11     | Reached skill level 10 in Axes
 13044 | D:11     | Found a staircase to the Orcish Mines.
 13106 | D:11     | Reached *** piety under Ashenzari
 13574 | D:12     | Found Follibb's Magic Scroll Boutique.
 13579 | D:12     | Bought a scroll of teleportation for 51 gold pieces
 13626 | D:12     | Noticed an eight-headed hydra
 13666 | D:12     | Bought a scroll of brand weapon for 340 gold pieces
 13691 | Orc:1    | Entered Level 1 of the Orcish Mines
 13713 | Orc:1    | Noticed Fannar
 13721 | Orc:1    | Noticed an orc warlord
 13733 | Orc:1    | Killed Fannar
 13739 | Orc:1    | Noticed Snorg
 14045 | Orc:1    | Slain by a troll

Levels and vault maps discovered:
D:1:      dpeg_arrival_round_a, layout_loops_ring, dk_noncrumbling_3,
          minivault_4
D:2:      layout_loops_corners, grunt_temple_overflow_open,
          nicolae_overflow_crystal_walls, first_ration
D:3:      layout_basic, minmay_goblin_kobold_house, uniq_natasha, uniq_grinder
D:4:      layout_loops_ring, lemuel_blue_sif_altar, lemuel_altar_in_water,
          uniq_pikel, uniq_ijyb
D:5:      layout_cave_pools, grunt_qazlal_clouds,
          gammafunk_temple_overflow_statue, minivault_5
D:6:      layout_loops_ring, marbit_many_paths
D:7:      layout_loops_ring, minmay_temple_entry_junction_2,
          nicolae_benzene_ring
D:8:      layout_loops_corners, old_standard_altar,
          nicolae_overflow_hidden_temple
D:9:      layout_irregular_city, lemuel_crystal_altar
D:10:     layout_irregular_city, hangedman_pestilent_swarm
D:11:     layout_irregular_city, minmay_lair_entry_grove, orc_0_dummy
D:12:     layout_irregular_city, serial_shops, nicolae_shop_stone
Temple:   jpeg_temple_island
Orc:1:    layout_diamond_mine, uniq_snorg, uniq_fannar

Skill      XL: |  1  2  3  4  5  6  7  8  9 10 11 |
---------------+----------------------------------+-----
Axes           | 3 4 6 7 8 9 10 | 10.7
Dodging        | 4 5 |  5.6
Shields        | 4 5 7 8 |  8.0
Fighting       | 4 5 6 7 8 |  8.7
Conjurations   | 1 |  1.2
Translocations | 1 6 |  6.0
Stealth        | 6 7 |  7.0

Action                   |  1- 3 |  4- 6 |  7- 9 | 10-12 || total
-------------------------+-------+-------+-------+-------++-------
Melee: War axe           |    57 |    56 |    76 |       ||   189
       Constrict         |    13 |    11 |    30 |    34 ||    88
       Tentacles         |     8 |    12 |    38 |    50 ||   108
       Broad axe         |       |       |   131 |   213 ||   344
 Cast: Blink             |       |       |       |     9 ||     9
       Magic Dart        |       |       |       |     2 ||     2
Invok: Curse Item        |       |       |     2 |     1 ||     3
Evoke: Wand              |       |       |       |    10 ||    10
  Use: Scroll            |     3 |     4 |    10 |     7 ||    24
       Potion            |       |     4 |     2 |     5 ||    11
 Stab: Sleeping          |     5 |     2 |    15 |    27 ||    49
       Distracted        |       |       |     1 |       ||     1
       Invisible         |       |       |       |     4 ||     4
  Eat: Chunk             |     3 |     3 |     6 |     6 ||    18
       Ration            |       |       |     6 |     4 ||    10
Armor: Skin              |     2 |    13 |    22 |     3 ||    40
Dodge: Dodged            |    24 |    38 |    73 |   111 ||   246
Block: Shield            |    21 |    28 |    75 |   160 ||   284
       Reflection        |       |       |       |     8 ||     8

Table legend:
 A = Non-vault XP
 B = Vault XP
 C = Vault XP percentage of total XP
 D = Non-vault monster count
 E = Vault monster count
 F = Vault count percentage of total count
                 A         B        C        D         E       F
            +---------+---------+-------+---------+---------+-------
      Total |    9653 |    4460 |  31.6 |     228 |      27 |  10.6
            +---------+---------+-------+---------+---------+-------
        D:1 |      22 |       0 |   0.0 |      13 |       0 |   0.0
        D:2 |      41 |       0 |   0.0 |      19 |       0 |   0.0
        D:3 |     298 |     333 |  52.8 |      28 |       8 |  22.2
        D:4 |     444 |     662 |  59.9 |      16 |       2 |  11.1
        D:5 |     679 |       0 |   0.0 |      17 |       0 |   0.0
        D:6 |     908 |       0 |   0.0 |      14 |       0 |   0.0
        D:7 |    1342 |       0 |   0.0 |      26 |       0 |   0.0
        D:8 |     953 |       0 |   0.0 |      23 |       0 |   0.0
        D:9 |     474 |       0 |   0.0 |      10 |       0 |   0.0
       D:10 |     877 |    1605 |  64.7 |      24 |      11 |  31.4
       D:11 |    3296 |     822 |  20.0 |      30 |       5 |  14.3
       D:12 |     133 |       0 |   0.0 |       1 |       0 |   0.0
      Orc:1 |     186 |    1038 |  84.8 |       7 |       1 |  12.5
            +---------+---------+-------+---------+---------+-------
